AoeStats
← Tunga

Arabia

506193144Analyzed
1v1 RM · 20d ago on Sep 12, 2026· 63m 22s· 2 players
Game mode
Random Map
Map size
Tiny (2 player)
Population
200
Speed
Normal
Resources
Standard
Victory
Conquest
Starting age
Dark Age
Ending age
Imperial Age
RankedLock teamsTeams togetherTeam positionsShared explorationLock speedFull tech treeHidden civsTurbo modeCheats
Victory
Defeat
🇹🇷 Persians · Türkiye
726
+15
🇹🇷 Celts · Türkiye
701
-15
elfce
10:24 Loom
12:18 Feudal Age
13:23 Double-Bit Axe
13:58 Loom
19:41 Horse Collar
24:37 Castle Age
22:42 Stone Mining
22:45 Gold Mining
23:37 Scale Mail Armor
23:32 Stone Mining
23:56 Forging
23:53 Arson
25:36 Chain Mail Armor
25:58 Bow Saw
26:03 Pikeman
39:22 Wheelbarrow
39:06 Heavy Plow
38:59 Fletching
39:44 Iron Casting
40:28 Stronghold
40:50 Murder Holes
41:17 Ballistics
44:55 Imperial Age
44:18 Heated Shot
47:01 Conscription
48:00 Hand Cart
48:48 Chemistry
51:33 Light Cavalry
52:23 Padded Archer Armor
52:19 Bodkin Arrow
52:55 Plate Mail Armor
57:05 Leather Archer Armor
Tunga
5:09 Loom
11:35 Feudal Age
15:06 Wheelbarrow
14:19 Double-Bit Axe
14:18 Horse Collar
18:42 Scale Barding Armor
21:47 Bloodlines
25:59 Castle Age
26:36 Gold Mining
27:07 Hand Cart
27:04 Husbandry
27:51 Forging
27:42 Padded Archer Armor
30:01 Chain Barding Armor
30:09 Elite Skirmisher
36:57 Imperial Age
36:39 Kamandaran
37:59 Cavalier
39:43 Onager
41:53 Heavy Plow
42:32 Gold Shaft Mining
42:12 Bow Saw
45:55 Savar
46:33 Fletching
50:12 Ballistics
50:52 Chemistry
58:40 Scale Mail Armor
Connection lost

Rejoining the realm…

Still unreachable

The connection could not be restored.

Session expired

The server has moved on; the page needs a fresh start.